 Dungeon Crawl Stone Soup version 0.29-a0-553-g81b289dbe5 (webtiles) character file.

Game seed: 17135615108577297445

7 shadowstone the Digger (level 2, -1/15 HPs)
             Began as a Tengu Earth Elementalist on June 6, 2022.
             Was a Believer of Lugonu.
             Slain by a jackal (3 damage)
             ... on level 2 of the Dungeon.
             The game lasted 00:03:30 (1005 turns).

shadowstone the Digger (Tengu Earth Elementalist)   Turns: 1005, Time: 00:03:32

Health: -1/15      AC:  2    Str:  8    XL:     2   Next: 4%
Magic:  6/6        EV: 12    Int: 15    God:    Lugonu [**....]
Gold:   13         SH:  0    Dex: 14    Spells: 4/5 levels left

rFire   . . .      SeeInvis .   (no weapon)
rCold   . . .      Faith    .   (no shield)
rNeg    . . .      Spirit   .   b - +0 robe
rPois   .          Reflect  .   (helmet restricted)
rElec   .          Harm     .   (no cloak)
rCorr   .          Rampage  .   (no gloves)
Will    .....                   (boots unavailable)
Stlth   ++........              (no amulet)
HPRegen 0.05/turn               (no ring)
MPRegen 0.10/turn               (no ring)

@: no status effects
A: beak, talons 3
a: Renounce Religion, Depart the Abyss, Bend Space


You were on level 2 of the Dungeon.
You worshipped Lugonu.
Lugonu was pleased with you.
You visited 1 branch of the dungeon, and saw 2 of its levels.

You collected 13 gold pieces.

Inventory:

Missiles
 a - 24 stones
Armour
 b - a +0 robe (worn)
Scrolls
 d - a scroll of identify {unknown}
 f - a scroll of enchant armour {unknown}
Potions
 c - a potion of magic
 e - 2 potions of heal wounds {unknown}
 g - a potion of flight {unknown}


   Skills:
 + Level 2.1 Dodging
 + Level 2.0 Stealth
 + Level 0.4 Unarmed Combat
 + Level 2.1 Spellcasting
 + Level 0.7 Transmutations
 + Level 2.4 Earth Magic


You had 4 spell levels left.
You knew the following spells:

 Your Spells              Type           Power      Damage    Failure   Level
a - Sandblast             Erth           16%        2d6       9%          1

Your spell library contained the following spells:

 Spells                   Type           Power      Damage    Failure   Level
 Passwall                 Tmut/Erth      5%         N/A       17%         2
 Stone Arrow              Conj/Erth      10%        3d7       36%         3
 Petrify                  Tmut/Erth      6%         N/A       75%         4


Dungeon Overview and Level Annotations

Branches:
Dungeon (2/15)

Altars:
Lugonu


Innate Abilities, Weirdness & Mutations

You have a beak for a mouth.
You have claws for feet.


Message History

Casting: Sandblast (safe; 9% risk of failure)
Confirm with . or Enter, or press ? or * to list all spells.
You can't see any susceptible monsters within range! (Use Z to cast anyway.)
You aren't in the Abyss!
Okay, then.
You start resting.
Magic restored.
You start resting.
HP restored.
You start waiting.
Done waiting.
Unknown command.
An endoplasm and 2 jackals come into view.
Found an escape hatch in the floor.
A jackal comes into view.
The jackal barks! x2
The endoplasm quivers.
The endoplasm freezes you.
You are frozen.
The jackal barks!
There is an escape hatch in the floor here.
The jackal bites you.
The jackal bites you but does no damage.
The endoplasm freezes you.
You are frozen.
The jackal barely misses you.
You hit the jackal but do no damage. You claw the jackal, but do no damage.
The jackal closely misses you. The jackal bites you. The endoplasm hits you.
You hit the jackal. You claw the jackal, but do no damage.
The jackal is lightly wounded.
The jackal bites you but does no damage.
The jackal bites you.
* * * LOW HITPOINT WARNING * * *
The jackal closely misses you. The endoplasm closely misses you.
You hit the jackal but do no damage. You peck the jackal.
Your punch misses the jackal.
The jackal is severely wounded.
The jackal bites you.
* * * LOW HITPOINT WARNING * * *
The jackal bites you.
You die...

.### ###...
#....#
#....#
#....#
#....#
####.hh.#
#...>@h.#
#.##J...#
#.##....#
#.#####....
#.#
#.....#####
#.#
#####.####
#.#
#......#
#.#
#.#.##.#
#.#
#.#.##.#
#.#


You could see an endoplasm and 3 jackals.

Vanquished Creatures
  An endoplasm (D:2)
  2 giant cockroaches
  A quokka (D:1)
  A ball python (D:1)
  A bat (D:2)
  A frilled lizard (D:2)
7 creatures vanquished.

Notes
Turn   | Place    | Note
-------+----------+-------------------------------------------
     0 | D:1      | shadowstone the Tengu Earth Elementalist began the quest
                  | for the Orb.
     0 | D:1      | Reached XP level 1. HP: 10/10 MP: 4/4
   606 | D:2      | Reached XP level 2. HP: 12/15 MP: 1/6
   739 | D:2      | Found a faded altar of an unknown god.
   748 | D:2      | Prayed at the altar of an unknown god.
   748 | D:2      | Became a worshipper of Lugonu the Unformed
   748 | D:2      | Reached * piety under Lugonu
   748 | D:2      | Reached ** piety under Lugonu
  1005 | D:2      | Slain by a jackal

Illustrated notes

Levels and vault maps discovered:
D:1:      minmay_arrival_jagged, layout_basic
D:2:      layout_basic, ebering_ecumenical_altar_petrified

Action                   || total
-------------------------++-------
Melee: Unarmed           ||    33
       Kick              ||     6
       Peck              ||     6
 Cast: Sandblast         ||     6
Invok: Bend Space        ||     1
Armor: Robe              ||    18
Dodge: Dodged            ||    36

Table legend: (Time is in decaauts)
 A = Elapsed time spent in this place.
 B = Non-inter-level travel time spent in this place.
 C = Inter-level travel time spent in this place.
 D = Time resting spent in this place.
 E = Time spent auto-exploring this place.
 F = Levels seen in this place.
 G = Mean time per level.
                   A        B        C        D        E       F      G
               +--------+--------+--------+--------+--------+-----+--------+
         Total |   1004 |    999 |      5 |    388 |      0 |   2 |  502.0 |
       Dungeon |   1004 |    999 |      5 |    388 |      0 |   2 |  502.0 |
               +--------+--------+--------+--------+--------+-----+--------+

Top non-repeatable levels by time:
     D:1: 582 daAuts
     D:2: 422 daAuts
